 Dungeon Crawl Stone Soup version 0.30.0-5-g1a98f26d00 (webtiles) character file.

Game seed: 7434610722638293617

30 sampeng1 the Chiller (level 3, -3/24 HPs)
             Began as a Human Ice Elementalist on May 9, 2023.
             Slain by a gnoll
             ... wielding a +0 club
              (7 damage)
             ... on level 2 of the Dungeon.
             The game lasted 00:08:11 (1139 turns).

sampeng1 the Chiller (Human Ice Elementalist)       Turns: 1139, Time: 00:08:12

Health: -3/24      AC:  2    Str: 14    XL:     3   Next: 37%
Magic:  6/6        EV: 12    Int: 17    God:
Gold:   56         SH:  0    Dex: 13    Spells: 5/6 levels left

rFire   . . .        e - +2 dagger (venom)
rCold   . . .        (no shield)
rNeg    . . .        a - +0 robe
rPois   .            (no helmet)
rElec   .            (no cloak)
rCorr   .            (no gloves)
SInv    .            (no boots)
Will    .....        (no amulet)
Stlth   ++           g - +6 ring of strength
HPRegen 0.24/turn    (no ring)
MPRegen 0.10/turn

%: no passive effects
@: no status effects
A: no striking features
a: no special abilities


You were on level 2 of the Dungeon.
You visited 1 branch of the dungeon, and saw 2 of its levels.

You collected 56 gold pieces.

Inventory:

Hand Weapons
 d - a +0 dagger
 e - a +2 dagger of venom (weapon)
Missiles
 c - 13 stones
Armour
 a - a +0 robe (worn)
 f - a +0 leather armour
Jewellery
 g - a +6 ring of strength (left hand)
Scrolls
 i - a scroll of amnesia
 j - a scroll of enchant weapon {unknown}
Potions
 b - a potion of magic


   Skills:
 + Level 2.4 Dodging
 + Level 2.5 Stealth
 + Level 2.3 Spellcasting
 + Level 4.2 Ice Magic


You had 5 spell levels left.
You knew the following spells:

 Your Spells              Type           Power      Damage    Failure   Level
a - Freeze                Ice            64%        1d7       3%          1

Your spell library contained the following spells:

 Spells                   Type           Power      Damage    Failure   Level
 Frozen Ramparts          Ice            32%        1d5       10%         3
 Ozocubu's Armour         Ice            16%        N/A       10%         3
 Summon Ice Beast         Ice/Summ       9%         N/A       61%         4


Dungeon Overview and Level Annotations

Branches:
Dungeon (2/15)

Altars:


Message History

You hit the worm.
The worm is poisoned.
The worm is lightly wounded.
The worm bites you.
You hit the worm.
The worm looks as sick as possible!
The worm is lightly wounded.
The worm bites you.
You barely miss the worm.
The worm is heavily wounded.
You hit the worm but do no damage.
The worm looks as sick as possible!
The worm is heavily wounded.
The worm bites you!
* * * LOW HITPOINT WARNING * * *
As you read the scroll labelled BUKONE WASEOVU, it crumbles to dust.
It is a scroll of identify.
i - a scroll of amnesia You kill the worm!
The dart slug launches a dart at you. The slug dart misses you.
There is a stone staircase leading up here.
You climb upwards.
There is a stone staircase leading down here.
You see here a ball python skeleton.
You see here a ball python skeleton.
HP restored.
Done exploring.
There is a stone staircase leading down here.
You climb downwards.
The gnoll barely misses you. The gnoll hits you with a +0 flail!
Ouch! That really hurt!
There is a stone staircase leading up here.
You barely miss the gnoll. You punch the gnoll, but do no damage.
The gnoll hits you with a +0 club!
* * * LOW HITPOINT WARNING * * *
The gnoll closely misses you.
A gnoll comes into view. It is wielding a +0 whip.
Casting: Freeze (safe; 3% risk of failure)
Confirm with . or Enter, or press ? or * to list all spells.
Okay, then.
The gnoll hits you with a +0 club!
You die...

.##........####
..J....[.......
.............#
## #.#.##.## .
#.#wg....
#.#...#
.####.#.###
......g.##
.###.##@.# ..
##g# ## ...
##.# ... ##.


g You could see 3 gnolls.

Vanquished Creatures
  A worm (D:2)
  2 dart slugs (D:1)
  2 endoplasms (D:1)
  2 giant cockroaches (D:1)
  2 goblins (D:1)
  A hobgoblin (D:1)
  3 jackals (D:1)
  2 ball pythons (D:1)
  2 bats (D:1)
  A frilled lizard (D:1)
  2 kobolds (D:1)
  3 rats (D:1)
23 creatures vanquished.

Notes
Turn   | Place    | Note
-------+----------+-------------------------------------------
     0 | D:1      | sampeng1 the Human Ice Elementalist began the quest for the
                  | Orb.
     0 | D:1      | Reached XP level 1. HP: 13/13 MP: 3/3
   132 | D:1      | Reached XP level 2. HP: 13/19 MP: 1/5
   496 | D:1      | Reached XP level 3. HP: 22/24 MP: 4/6
  1139 | D:2      | Slain by a gnoll

Illustrated notes

Levels and vault maps discovered:
D:1:      dreamdust_arrival_sigmund_warning, layout_basic
D:2:      layout_basic, minmay_crystal_room

Action                     || total
---------------------------++-------
  Melee: Unarmed           ||    18
         Dagger            ||    34
         Punch             ||     1
   Cast: Freeze            ||    17
    Use: Scroll            ||     1
   Stab: Sleeping          ||     1
 Armour: Robe              ||     6
         Leather armour    ||    12
  Dodge: Dodged            ||    48
